 Dungeon Crawl Stone Soup version 0.21-a0-265-gb353147 (webtiles) character file.

81 Gorice the Bolt Thrower (level 4, -1/32 HPs)
             Began as a Gnoll Arcane Marksman on Sept 10, 2017.
             Slain by a centaur skeleton (6 damage)
             ... on level 3 of the Dungeon.
             The game lasted 00:12:53 (2683 turns).

Gorice the Bolt Thrower (Gnoll Arcane Marksman)     Turns: 2683, Time: 00:12:54

Health: -1/32      AC:  2    Str:  7    XL:     4   Next: 42%
Magic:  5/6        EV: 12    Int:  7    God:
Gold:   82         SH:  0    Dex:  7    Spells: 5/6 levels left

rFire    . . .     SeeInvis .   b - +1 short sword (flame)
rCold    . . .     Gourm    .   (no shield)
rNeg     . . .     Faith    .   e - +0 robe
rPois    .         Spirit   .   (no helmet)
rElec    .         Reflect  .   (no cloak)
rCorr    .         Harm     .   (no gloves)
MR       .....                  (no boots)
Stlth    +.........             (no amulet)
HPRegen  0.10/turn              (no ring)
MPRegen  0.10/turn              (no ring)

@: no status effects
A: unchanging attributes, fangs 1, strong nose
a: no special abilities


You were on level 3 of the Dungeon.
You were hungry.

You visited 1 branch of the dungeon, and saw 3 of its levels.

You collected 82 gold pieces.

Inventory:

Hand Weapons
 a - a +0 hand crossbow
 b - a +1 short sword of flaming (weapon)
   (You took it off a hobgoblin on level 2 of the Dungeon)
 u - a +0 falchion
Missiles
 d - 7 bolts
 g - 2 tomahawks
 i - 4 tomahawks of returning (quivered)
 X - 2 tomahawks of dispersal
 Z - 57 stones
Armour
 e - a +0 robe (worn)
 m - a +0 ring mail
Scrolls
 j - 3 scrolls of remove curse
 k - a scroll of amnesia
 p - a scroll of blinking {unknown}
Potions
 h - a potion of heal wounds {unknown}
 l - a potion of brilliance {unknown}
 n - a potion of lignification {unknown}
 q - a potion of agility {unknown}
 r - a potion of mutation {unknown}
 s - a potion of curing {unknown}
 v - a potion of resistance {unknown}
Books
 c - a book of Debilitation
Comestibles
 f - 3 bread rations {!e}
 o - a royal jelly


   Skills:
 - Level 1.3 Fighting
 * Level 6.0 Crossbows
 - Level 2.6 Dodging
 - Level 1.5 Spellcasting
 - Level 4.0 Hexes


You had 5 spell levels left.
You knew the following spells:

 Your Spells              Type           Power        Failure   Level  Hunger
a - Corona                Hex            #......      8%          1    ##.....


Dungeon Overview and Level Annotations

Branches:
Dungeon (3/15)

Altars:
Makhleb
Yredelemnul
Zin

Annotations:
D:1 exclusion: downstairs
D:2 !!!!!!!!!!!!!!!!
D:3 Terence


Innate Abilities, Weirdness & Mutations

Your physical attributes are unchanging.
You have very sharp teeth.
Your uncanny sense of smell can sniff out nearby items.


Message History

Aim: a rat (chance to defeat MR: 58%)
The rat is outlined in light.
The rat bites you but does no damage.
You hit the rat. You burn the rat.
The rat is severely wounded.
The rat barely misses you.
You hit the rat. You burn the rat.
You kill the rat!
No target in view!
Terence and a skeleton come into view.
Terence shouts!
You hear a shout!
The centaur skeleton moves out of view.
Terence hits you but does no damage.
You see here a bolt.
Terence hits you with a hand axe.
Damage: 4 (max 4) Terence drinks a potion.
Terence seems to grow stronger.
There is a stone staircase leading up here.
Casting: Corona
Confirm with . or Enter, or press ? or * to list all spells.
Aiming: Corona
Press: ? - help, Shift-Dir - straight line, f - centaur skeleton
Aim: a centaur skeleton (chance to defeat MR: 53%)
The centaur skeleton is outlined in light.
The centaur skeleton hits you! The centaur skeleton hits you.
* * * LOW HITPOINT WARNING * * *
Damage: 12 (max 12)
You hit the centaur skeleton. You burn the centaur skeleton.
The centaur skeleton is lightly damaged.
The centaur skeleton hits you but does no damage.
You hit the centaur skeleton. You burn the centaur skeleton.
The centaur skeleton is heavily damaged.
The centaur skeleton hits you but does no damage.
The centaur skeleton hits you.
* * * LOW HITPOINT WARNING * * *
A goblin comes into view.
Damage: 3 (max 12)
The goblin shouts!
You hear a shout!
The centaur skeleton hits you!
* * * LOW HITPOINT WARNING * * *
Damage: 7 (max 12)
A hobgoblin comes into view. It is wielding a club.
Found a stone staircase leading down.
An orc comes into view. It is wielding a whip.
The orc shouts!
The goblin barely misses you. 3 orcs come into view.
An orc comes into view. It is wielding a flail.
The orc shouts! x3
The centaur skeleton hits you.
You die...

∆ ##### ∆ #<.(# .
#.#.(.#
....#####@#.###.
.o.ooo.@Zg..g.>..
...o####...####.#
# #...# ..(!#
##...# ##..# ∆
#..# ∆ #..


You could see Terence, 5 orcs, a hobgoblin, a goblin and a centaur skeleton.

Vanquished Creatures
  2 adders (D:2)
  2 oozes
  A leopard gecko (D:1)
  2 giant cockroaches
  8 goblins
  7 hobgoblins
  3 jackals (D:1)
  3 quokkas (D:2)
  A ball python (D:1)
  8 bats
  4 frilled lizards
  7 kobolds
  3 rats
51 creatures vanquished.

Notes
Turn   | Place    | Note
-------+----------+-------------------------------------------
     0 | D:1      | Gorice the Gnoll Arcane Marksman began the quest for the Orb.
     0 | D:1      | Reached XP level 1. HP: 15/15 MP: 3/3
     3 | D:1      | Reached skill level 3 in Crossbows
   181 | D:1      | Reached XP level 2. HP: 15/21 MP: 0/4
   285 | D:1      | Reached skill level 4 in Crossbows
   578 | D:1      | Reached XP level 3. HP: 23/26 MP: 3/5
  1000 | D:2      | Reached skill level 5 in Crossbows
  1161 | D:2      | Found a basalt altar of Yredelemnul.
  1451 | D:2      | Noticed an ogre
  1557 | D:2      | Reached XP level 4. HP: 20/32 MP: 3/6
  1784 | D:2      | Found a glowing silver altar of Zin.
  1785 | D:2      | Found a burning altar of Makhleb.
  1789 | D:2      | Noticed a green death
  1790 | D:2      | Noticed an angel
  2342 | D:2      | Reached skill level 6 in Crossbows
  2381 | D:1      | HP: 7/32 [ogre/giant club (10)]
  2673 | D:3      | Noticed Terence
  2680 | D:3      | HP: 5/32 [centaur skeleton (7)]
  2683 | D:3      | Slain by a centaur skeleton

Vault maps used:
D:1:      dpeg_arrival_boxorama
D:2:      lemuel_doored_altar, grunt_temple_overflow_order_and_chaos_2,
          first_bread
D:3:      lemuel_statue_altar, uniq_sigmund, uniq_jessica, uniq_terence

Skill      XL: |  1  2  3  4 |
---------------+-------------+-----
Crossbows      | 3 4 5 6 |  6.0
Fighting       | |  1.3
Dodging        | |  2.6
Spellcasting   | |  1.5
Hexes          | |  4.0

Action                   |  1- 3 |  4- 6 || total
-------------------------+-------+-------++-------
Melee: Short sword       |    46 |    28 ||    74
       Bite              |     2 |       ||     2
 Fire: Hand crossbow     |    56 |     6 ||    62
Throw: Tomahawk          |       |     2 ||     2
 Cast: Corona            |    41 |    16 ||    57
  Use: Scroll            |     3 |       ||     3
  Eat: Chunk             |     3 |     2 ||     5
       Royal jelly       |       |     1 ||     1
Armor: Robe              |    16 |     8 ||    24
Dodge: Dodged            |    93 |    22 ||   115

Table legend:
 A = Spawn XP
 B = Non-spawn XP
 C = Spawn XP percentage of total XP
 D = Spawn monster count
 E = Non-spawn monster count
 F = Spawn count percentage of total count
 G = Total turns spent on level
                    A         B        C        D         E        F      G
               +---------+---------+-------+---------+---------+-------+---------
         Total |       0 |     117 |   0.0 |       0 |      51 |   0.0 |  2683
               +---------+---------+-------+---------+---------+-------+---------
           D:1 |       0 |      36 |   0.0 |       0 |      19 |   0.0 |  1139
           D:2 |       0 |      79 |   0.0 |       0 |      30 |   0.0 |  1526
           D:3 |       0 |       2 |   0.0 |       0 |       2 |   0.0 |    18
               +---------+---------+-------+---------+---------+-------+---------

Table legend:
 A = Turns spent in this place as a percentage of turns spent in the entire game.
 B = Non-inter-level travel turns spent in this place as a percentage of non-inter-level travel turns spent in the entire game.
 C = Inter-level travel turns spent in this place as a percentage of turns spent in this place.
 D = Turns resting spent in this place as a percentage of non-inter-level travel turns spent in this place.
 E = Turns spent auto-exploring this place as a percentage of non-inter-level travel turns spent in this place.
 F = Non-inter-level travel turns spent in this place divided by the number of levels of this place that you've seen.
                   A       B       C       D       E      F
               +-------+-------+-------+-------+-------+----------------------
         Total | 100.0 | 100.0 |   4.1 |  39.8 |  20.5 | 857.3
       Dungeon | 100.0 | 100.0 |   4.1 |  39.8 |  20.5 | 857.3
               +-------+-------+-------+-------+-------+----------------------

Vault maps used:
D:1:      dpeg_arrival_boxorama
D:2:      lemuel_doored_altar, grunt_temple_overflow_order_and_chaos_2,
          first_bread
D:3:      lemuel_statue_altar, uniq_sigmund, uniq_jessica, uniq_terence
